 Dungeon Crawl Stone Soup version 0.28.0-53-g5a82cb258f (webtiles) character file.

Game seed: 13662916150477062566

1243 Sin92 the Chopper (level 8, -12/62 HPs)
             Began as a Demonspawn Fighter on July 5, 2022.
             Mangled by an ogre
             ... wielding a +0 giant spiked club
              (21 damage)
             ... on level 6 of the Dungeon.
             The game lasted 00:08:35 (5460 turns).

Sin92 the Chopper (Demonspawn Fighter)              Turns: 5460, Time: 00:08:35

Health: -12/62     AC: 13    Str: 18    XL:     8   Next: 25%
Magic:  8/8        EV:  9    Int: 10    God:
Gold:   445        SH:  0    Dex: 13    Spells: 7/7 levels left

rFire   . . .      SeeInvis .   a - +0 war axe
rCold   . . .      Faith    .   c - +0 buckler
rNeg    . . .      Spirit   .   b - +0 scale mail
rPois   +          Reflect  .   h - +0 helmet
rElec   .          Harm     .   m - +0 cloak
rCorr   .          Rampage  .   (no gloves)
Will    .....                   x - +0 pair of boots
Stlth   ..........              (no amulet)
HPRegen 0.20/turn               k - ring of flight
MPRegen 0.11/turn               o - ring of poison resistance

@: confused, mighty, flying
A: molten scales 2, demonic guardian 1, spiny 2
a: no special abilities


You were on level 6 of the Dungeon.
You visited 2 branches of the dungeon, and saw 7 of its levels.
You also visited: Ossuary.

You collected 445 gold pieces.

Inventory:

Hand Weapons
 a - a +0 war axe (weapon)
Armour
 b - a +0 scale mail (worn)
 c - a +0 buckler (worn)
 h - a +0 helmet (worn)
 m - a +0 cloak (worn)
 x - a +0 pair of boots (worn)
Jewellery
 k - a ring of flight (left hand)
 o - a ring of poison resistance (right hand)
 t - a ring of positive energy
Wands
 i - a wand of polymorph (6)
 l - a wand of digging (2)
 n - a wand of iceblast (6)
Potions
 d - a potion of might
 e - 6 potions of curing
 f - 2 potions of resistance
 g - a potion of degeneration {unknown}
 j - a potion of ambrosia {unknown}
 p - 3 potions of invisibility {unknown}
 q - a potion of brilliance
 r - 2 potions of magic {unknown}
 s - a potion of haste
 u - a potion of berserk rage
 v - a potion of heal wounds


   Skills:
 + Level 5.3 Fighting
 * Level 6.0 Axes
 + Level 4.8 Armour
 + Level 4.8 Shields


You had 7 spell levels left.
You didn't know any spells.
Your spell library was empty.

Dungeon Overview and Level Annotations

Branches:
Dungeon (6/15)             Temple (1/1) D:5         Ossuary (visited)

Altars:
Dithmenos
Elyvilon
Fedhas
Gozag
Hepliaklqana
Makhleb
Nemelex Xobeh
Okawaru
Trog
Uskayaw
Wu Jian
Yredelemnul
Zin
Lugonu

Annotations:
D:6 Edmund


Innate Abilities, Weirdness & Mutations

You are mostly covered in molten scales. (AC +3)
A weak demonic guardian rushes to your aid.
You are mostly covered in sharp spines.


Message History

The orc wizard shouts!
The orc shouts! x2
Found a robe, a rapier and 13 gold pieces.
Found an escape hatch in the floor.
Found a stone staircase leading down.
A gnoll comes into view. It is wielding a +0 halberd.
The gnoll shouts!
You hear a shout!
A gnoll comes into view. It is wielding a +0 flail.
An ogre comes into view. It is wielding a +0 giant spiked club.
The gnoll shouts!
Edmund the Younger comes into view.
He is wielding a +1 vorpal flail.
Found a leather armour.
Edmund shouts!
A bullfrog skeleton comes into view.
You hit the bullfrog skeleton.
The bullfrog skeleton is lightly damaged.
The bullfrog skeleton is struck by your spines.
The bullfrog skeleton hits you but does no damage.
The orc wizard casts a spell at you.
You are confused.
The bullfrog skeleton is struck by your spines.
The bullfrog skeleton barely misses you.
The bullfrog skeleton is struck by your spines.
You destroy the bullfrog skeleton!
Edmund hits you with a +1 vorpal flail!
There is an escape hatch in the floor here.
You're too confused to move!
The ogre is struck by your spines.
The ogre hits you with a +0 giant spiked club!
* * * LOW HITPOINT WARNING * * *
Edmund is struck by your spines. Edmund hits you but does no damage.
The ogre is struck by your spines. The ogre barely misses you.
Edmund closely misses you. Edmund hits you with a +1 vorpal flail.
* * * LOW HITPOINT WARNING * * *
A demonic guardian appears!
* * * LOW HITPOINT WARNING * * *
There is an escape hatch in the floor, spattered with blood here.
Unknown command.
You closely miss the orc. You slash the ogre! You closely miss Edmund.
You slash the orc wizard! The ogre is struck by your spines.
The ogre hits you with a +0 giant spiked club!!
You die...

##################
#....5o@o.........
#.....oO@s........
#...[...gg........
##...###...##...##
#...###...##...##
#.................
...............o..
##......[..##.....
.)##....# .....


You could see Edmund, an ogre, a scorpion, an orc wizard, 2 gnolls, 2 orcs and a
friendly quasit (summoned).

Vanquished Creatures
  The ghost of markstv the Chopper, a novice DDFi of Cheibriados (D:5)
  A water moccasin (D:4)
  An ogre (D:5)
  A necrophage (D:4)
  A bullfrog zombie (D:4)
  3 hounds
  2 bullfrog skeletons
  Crazy Yiuf (D:3)
  An orc wizard (D:5)
  3 hound skeletons
  8 mummies (Ossuary)
  Robin (D:2)
  6 adders
  6 gnolls
  A howler monkey skeleton (D:5)
  An adder skeleton (D:4)
  4 worms
  9 orcs
  5 endoplasms
  3 giant cockroaches
  3 gnoll zombies (Ossuary)
  21 goblins
  15 hobgoblins
  A quokka (D:3)
  11 ball pythons
  4 bats
  6 frilled lizards
  3 hobgoblin zombies (Ossuary)
  11 kobolds
  A kobold zombie (Ossuary)
  An orc zombie (Ossuary)
  5 rats
141 creatures vanquished.

Vanquished Creatures (others)
  3 fungi (D:3)
3 creatures vanquished.

Grand Total: 144 creatures vanquished

Notes
Turn   | Place    | Note
-------+----------+-------------------------------------------
     0 | D:1      | Sin92 the Demonspawn Fighter began the quest for the Orb.
     0 | D:1      | Reached XP level 1. HP: 18/18 MP: 1/1
    67 | D:1      | Reached skill level 2 in Axes
    89 | D:1      | Gained mutation: You are partially covered in sharp spines.
                  | [demonic ancestry]
    89 | D:1      | Reached XP level 2. HP: 23/24 MP: 2/2
   946 | D:1      | You fall into a shaft and drop 1 floor!
   946 | D:2      | Noticed Robin
   948 | D:2      | Reached XP level 3. HP: 29/29 MP: 3/3
   949 | D:2      | Killed Robin
  1112 | D:2      | Gained mutation: You are mostly covered in sharp spines.
                  | [demonic ancestry]
  1112 | D:2      | Reached XP level 4. HP: 22/35 MP: 4/4
  1437 | D:2      | Found a basalt altar of Yredelemnul.
  1673 | D:2      | Reached skill level 3 in Axes
  2222 | D:3      | Identified the +9 hunting sling of Trial by Ordeal {freeze,
                  | Fragile rPois rCorr Dex+3}
  2229 | D:3      | Reached XP level 5. HP: 42/42 MP: 5/5
  2340 | D:3      | Found a hazy altar of Hepliaklqana.
  2915 | D:3      | Found a runed translucent door.
  2916 | D:3      | Noticed Crazy Yiuf
  2927 | D:3      | Killed Crazy Yiuf
  3283 | D:4      | Noticed a necrophage
  3289 | D:4      | Killed a necrophage
  3290 | D:4      | Reached skill level 4 in Axes
  3290 | D:4      | Gained mutation: You are partially covered in molten
                  | scales. (AC +2) [demonic ancestry]
  3290 | D:4      | Reached XP level 6. HP: 42/48 MP: 6/6
  3344 | D:4      | Found a sand-covered staircase.
  3358 | Ossuary  | Entered an ossuary
  4350 | D:4      | Noticed a water moccasin
  4356 | D:4      | Killed a water moccasin
  4357 | D:4      | Gained mutation: A weak demonic guardian rushes to your
                  | aid. [demonic ancestry]
  4357 | D:4      | Reached XP level 7. HP: 55/55 MP: 7/7
  4525 | D:5      | Entered Level 5 of the Dungeon
  4525 | D:5      | Noticed markstv's ghost (novice DDFi)
  4525 | D:5      | Found a large runed translucent door.
  4525 | D:5      | Found a large runed translucent door.
  4632 | D:5      | Found a staircase to the Ecumenical Temple.
  4639 | Temple   | Entered the Ecumenical Temple
  4812 | D:5      | Reached skill level 5 in Axes
  5038 | D:5      | Found a blossoming altar of Fedhas.
  5247 | D:5      | Found an iron altar of Okawaru.
  5407 | D:5      | Killed markstv's ghost
  5408 | D:5      | Reached skill level 5 in Fighting
  5408 | D:5      | Reached skill level 6 in Axes
  5408 | D:5      | Gained mutation: You are mostly covered in molten scales.
                  | (AC +3) [demonic ancestry]
  5408 | D:5      | Reached XP level 8. HP: 27/62 MP: 8/8
  5449 | D:6      | Noticed Edmund
  5460 | D:6      | Mangled by an ogre

Illustrated notes

Levels and vault maps discovered:
D:1:      mrwooster_arrival_statue_3, layout_basic, grunt_decor_cap
D:2:      minmay_skewed_foursquare, layout_loops_cross, basic_altar, uniq_robin
D:3:      layout_basic, nzn_hepliaklqana_mist_gate, uniq_crazy_yiuf_cottage
D:4:      layout_loops_ring, nicolae_ossuary_entry_ruins, serial_glass,
          glass_columns_c, glass_columns_c
D:5:      layout_loops_ring, nicolae_overflow_hidden_temple,
          minmay_temple_entry_hall, ebering_ghost_disaster_area
D:6:      layout_gridville, palyth_temple_overflow_mages,
          kennysheep_cross_bottleneck, dk_noncrumbling_4, minivault_22,
          uniq_edmund
Temple:   corrupted_temple

Skill      XL: |  1  2  3  4  5  6  7 |
---------------+----------------------+-----
Axes           | 2 3 4 6 |  6.0
Shields        | 3 4 |  4.8
Armour         | 3 4 |  4.8
Fighting       | 4 5 |  5.3

Action                   |  1- 3 |  4- 6 |  7- 9 || total
-------------------------+-------+-------+-------++-------
Melee: War axe           |    66 |   142 |    64 ||   272
  Use: Potion            |     1 |       |     2 ||     3
       Scroll            |       |    13 |       ||    13
 Stab: Distracted        |       |       |     2 ||     2
Armor: Scale mail        |    36 |    39 |    29 ||   104
Dodge: Dodged            |    15 |    49 |    26 ||    90
Block: Buckler           |    19 |    27 |    20 ||    66
